Harfangs vs Scraper
Created - 9 octobre 2014 at 20:13
Goals
|
Harfangs |
1 |
4 |
0 |
5 |
Scraper |
1 |
2 |
0 |
3 |
|
Shots
|
Harfangs |
11 |
18 |
6 |
35 |
Scraper |
9 |
17 |
9 |
35 |
|
1st period
1. Harfangs , Peter Olvecky 8 (Stefan Ruzicka, Michal Repik) at 12:36
2. Scraper , Evander Kane 2 (Ryan O'Reilly) at 16:45
Penalties :
Roman Horak (Out) for Tripping (Minor) at 18:58
2nd period
3. Scraper , Denis Shvidki 2 (Ben Eager, Derek Joslin) at 6:29
4. Harfangs , Stefan Ruzicka 3 (Victor Bartley, Andrew Orpik) at 6:43
5. Harfangs , Stefan Ruzicka 4 (Peter Olvecky, Alex Killorn) at 8:34
6. Scraper , Ben Eager 2 (Denis Shvidki, Eric Gryba) at 11:48
7. Harfangs , Stefan Ruzicka 5 (James Wisniewski, Alex Killorn) at 17:58
8. Harfangs , Alex Killorn 7 (Craig Smith, Stefan Ruzicka) at 19:48
Penalties :
Valeri Bure (Out) for Roughing (Minor) at 13:31, Joe Finley (Out) for Fighting (Major) at 19:40, Peter Olvecky (BEA) for Fighting (Major) at 19:40
3rd period
No Goal
Penalties :
Marcus Foligno (Out) for High sticking (Minor) at 0:18, Drew Shore (BEA) for Interference (Minor) at 3:30, Roman Horak (Out) for Slashing (Minor) at 7:13, Craig Smith (BEA) for Cross-checking (Minor) at 15:56
Goalie Stats
Ray Emery (BEA), 32 saves from 35 shots - (0,914), W, 5-2-0, 60:00 minutes
Peter Mannino (Out), 30 saves from 35 shots - (0,857), L, 2-4-0, 60:00 minutes
Players Stats for Harfangs
Player Name G A P +/- PIM S H SB GA TA FO MP PP MP PK MP
------------------------------------------------------------------------------------
Alex Killorn 1 2 3 5 0 2 4 2 1 0 8/20 20:49 3:43 0:00
Alexandre Picard 0 0 0 2 0 4 3 1 2 3 0/0 26:25 3:07 2:26
Andrew Orpik 0 1 1 0 0 2 0 4 1 0 0/0 19:08 3:07 0:00
Brett Carson 0 0 0 0 0 0 1 2 0 0 0/0 13:50 0:00 1:32
Chris Kreider 0 0 0 -1 0 4 3 1 1 0 0/0 17:07 3:49 0:53
Craig Smith 0 1 1 0 2 3 1 0 1 0 0/0 12:09 0:49 0:41
Drew Shore 0 0 0 -1 2 0 3 1 0 0 0/7 10:29 0:00 0:27
Dustin Jeffrey 0 0 0 -1 0 0 1 0 0 0 1/1 10:29 0:34 0:17
James Wisniewski 0 1 1 2 0 1 2 1 0 0 0/0 27:02 4:49 2:26
Kyle Palmieri 0 0 0 -1 0 2 1 0 0 1 0/0 10:16 0:15 0:00
Michal Repik 0 1 1 -1 0 2 2 0 1 1 0/0 17:26 3:43 0:38
Nick Holden 0 0 0 0 0 0 0 2 0 0 0/0 12:37 0:00 0:00
Peter Olvecky 1 1 2 4 5 5 2 0 2 0 0/0 19:59 2:59 1:56
Petri Kontiola 0 0 0 -1 0 1 0 0 1 0 11/24 17:53 3:58 2:22
Roman Wick 0 0 0 -1 0 0 0 0 1 0 0/0 9:01 0:00 0:00
Stefan Ruzicka 3 2 5 5 0 5 6 1 1 1 1/2 19:57 3:58 0:00
Tomas Tatar 0 0 0 -1 0 3 0 0 1 1 0/0 10:30 0:00 0:48
Victor Bartley 0 1 1 0 0 1 0 3 0 1 0/0 20:58 4:49 1:32
Players Stats for Scraper
Player Name G A P +/- PIM S H SB GA TA FO MP PP MP PK MP
------------------------------------------------------------------------------------
Ben Eager 1 1 2 2 0 3 2 0 0 0 0/0 17:41 0:10 1:05
Brendan Smith 0 0 0 -3 0 1 1 0 3 0 0/0 25:59 2:26 3:53
Cameron Gaunce 0 0 0 0 0 0 0 0 0 0 0/0 0:00 0:00 0:00
Daniel Winnik 0 0 0 -1 0 0 1 0 1 0 0/0 6:58 1:31 0:00
Denis Shvidki 1 1 2 2 0 7 0 1 1 2 0/0 17:18 2:17 0:00
Derek Joslin 0 1 1 1 0 2 1 0 1 1 0/0 22:31 2:26 4:26
Eric Godard 0 0 0 -1 0 2 1 0 0 0 0/0 10:34 0:10 2:04
Eric Gryba 0 1 1 1 0 0 1 0 0 2 0/0 21:32 1:32 3:53
Eric Knodel 0 0 0 0 0 0 0 0 0 0 0/0 0:00 0:00 0:00
Evander Kane 1 0 1 -2 0 9 4 0 2 0 0/0 18:30 2:17 0:02
Ilkka Heikkinen 0 0 0 -1 0 2 0 1 0 2 0/0 18:50 1:32 4:03
Jared Cowen 0 0 0 -2 0 1 0 2 0 1 0/0 22:47 0:00 4:03
Jerome Samson 0 0 0 0 0 0 0 0 0 0 0/0 0:05 0:00 0:00
Joe Finley 0 0 0 -1 5 0 0 0 0 0 0/0 13:09 0:00 0:00
Marcus Foligno 0 0 0 -1 2 1 0 0 0 1 0/0 10:51 0:00 0:00
Reilly Smith 0 0 0 -2 0 1 0 1 0 1 1/2 16:46 0:10 0:00
Rick Schofield 0 0 0 2 0 1 1 1 0 0 6/10 20:50 1:31 4:22
Roman Horak 0 0 0 -2 4 0 1 1 0 1 7/10 15:32 0:00 1:25
Ryan O'Reilly 0 1 1 -1 0 2 1 0 0 2 19/32 18:39 2:17 0:30
Valeri Bure 0 0 0 -1 2 3 0 0 0 0 0/0 13:27 1:31 1:58
3 Stars
1 - Stefan Ruzicka (BEA)
2 - Alex Killorn (BEA)
3 - Ben Eager (Out)
Power Play
Harfangs - 0 on 4 Attempt(s) - 0,00%
Scraper - 0 on 2 Attempt(s) - 0,00%
Penalty Kill
Harfangs - 2 on 2 Attempt(s) - 100,00%
- Score 0 goal in Penalty Kill
Scraper - 4 on 4 Attempt(s) - 100,00%
- Score 0 goal in Penalty Kill
Official
Referees : Watson Brad and Lee Chris
Linesman : Derek Amell and Michel Cormier
Game Notes
6:43 of 2nd period - Harfangs goal is going for a video replay. After video review, Goal.
Stefan Ruzicka has scored a Hat Trick!
Joe Finley and Peter Olvecky fight to a draw at 19:40 of 2nd period
Finance
Level 1 -- Attendance: 1337 (66,85%) -- Ticket Income 53 480 $
Level 2 -- Attendance: 694 (69,40%) -- Ticket Income 13 880 $
Total Attendance: 2031 (67,70%)
Total Ticket Income: 67 360 $
Other Income: 3 368 $
Total Income: 70 728 $
Harfangs
5 vs 5 Forward
Center Left Wing Right Wing Time % Phy DF OF
1 Alex Killorn Peter Olvecky Stefan Ruzicka 40 1 2 2
2 Petri Kontiola Chris Kreider Michal Repik 30 1 2 2
3 Drew Shore Tomas Tatar Kyle Palmieri 20 1 2 2
4 Craig Smith Dustin Jeffrey Roman Wick 10 1 2 2
5 vs 5 Defense
Defense Defense Time % Phy DF OF
1 James Wisniewski Alexandre Picard 40 1 2 2
2 Andrew Orpik Victor Bartley 30 1 2 2
3 Brett Carson Nick Holden 20 1 2 2
4 Alexandre Picard James Wisniewski 10 1 2 2
PowerPlay Forward
Center Left Wing Right Wing Time % Phy DF OF
1 Petri Kontiola Peter Olvecky Stefan Ruzicka 60 1 2 2
2 Alex Killorn Chris Kreider Michal Repik 40 1 2 2
PowerPlay Defense
Defense Defense Time % Phy DF OF
1 Victor Bartley James Wisniewski 60 1 2 2
2 Alexandre Picard Andrew Orpik 40 1 2 2
Penalty Kill 4 Players Forward
Center Wing Time % Phy DF OF
1 Petri Kontiola Peter Olvecky 60 1 2 2
2 Drew Shore Chris Kreider 40 1 2 2
Penalty Kill 4 Players Defense
Defense Defense Time % Phy DF OF
1 Alexandre Picard James Wisniewski 60 1 2 2
2 Victor Bartley Brett Carson 40 1 2 2
Penalty Kill - 3 Players Forward
Forward Time % Phy DF OF
1 Petri Kontiola 60 1 2 2
2 Drew Shore 40 1 2 2
Penalty Kill - 3 Players Defense
Defense Defense Time % Phy DF OF
1 Alexandre Picard James Wisniewski 60 1 2 2
2 Victor Bartley Brett Carson 40 1 2 2
4 vs 4 Forward
Center Wing Time % Phy DF OF
1 Petri Kontiola Chris Kreider 60 1 2 2
2 Alex Killorn Stefan Ruzicka 40 1 2 2
4 vs 4 Defense
Defense Defense Time % Phy DF OF
1 Victor Bartley James Wisniewski 60 1 2 2
2 Alexandre Picard Andrew Orpik 40 1 2 2
Last Minutes Offensive
Center Left Wing Right Wing Defense Defense
Petri Kontiola Peter Olvecky Stefan Ruzicka Alexandre Picard James Wisniewski
Last Minutes Defensive
Center Left Wing Right Wing Defense Defense
Petri Kontiola Peter Olvecky Stefan Ruzicka Alexandre Picard Brett Carson
Goaltenders
Starting : Ray Emery
Backup : Marek Schwarz
Extra Forwards
Normal : Craig Smith, Dustin Jeffrey, Michal Repik - PP : Craig Smith, Dustin Jeffrey - PK : Michal Repik
Extra Defensemen
Normal : James Wisniewski, Alexandre Picard, Victor Bartley - PP : Alexandre Picard - PK : James Wisniewski, Victor Bartley
Penalty Shots
Craig Smith, Tomas Tatar, Petri Kontiola, Peter Olvecky, Dustin Jeffrey
Scraper
5 vs 5 Forward
Center Left Wing Right Wing Time % Phy DF OF
1 Ryan O'Reilly Evander Kane Reilly Smith 40 1 2 2
2 Rick Schofield Ben Eager Denis Shvidki 30 1 2 2
3 Roman Horak Marcus Foligno Valeri Bure 25 1 2 2
4 Roman Horak Daniel Winnik Eric Godard 5 1 2 2
5 vs 5 Defense
Defense Defense Time % Phy DF OF
1 Brendan Smith Jared Cowen 40 1 2 2
2 Derek Joslin Eric Gryba 35 1 2 2
3 Joe Finley Ilkka Heikkinen 15 1 2 2
4 Brendan Smith Jared Cowen 10 1 2 2
PowerPlay Forward
Center Left Wing Right Wing Time % Phy DF OF
1 Ryan O'Reilly Evander Kane Denis Shvidki 60 1 2 2
2 Rick Schofield Daniel Winnik Valeri Bure 40 1 2 2
PowerPlay Defense
Defense Defense Time % Phy DF OF
1 Derek Joslin Brendan Smith 60 1 2 2
2 Eric Gryba Ilkka Heikkinen 40 1 2 2
Penalty Kill 4 Players Forward
Center Wing Time % Phy DF OF
1 Rick Schofield Derek Joslin 60 1 2 2
2 Roman Horak Valeri Bure 40 1 2 2
Penalty Kill 4 Players Defense
Defense Defense Time % Phy DF OF
1 Ilkka Heikkinen Jared Cowen 60 1 2 2
2 Eric Gryba Brendan Smith 40 1 2 2
Penalty Kill - 3 Players Forward
Forward Time % Phy DF OF
1 Roman Horak 60 1 2 2
2 Rick Schofield 40 1 2 2
Penalty Kill - 3 Players Defense
Defense Defense Time % Phy DF OF
1 Derek Joslin Jared Cowen 60 1 2 2
2 Eric Gryba Brendan Smith 40 1 2 2
4 vs 4 Forward
Center Wing Time % Phy DF OF
1 Ryan O'Reilly Denis Shvidki 60 1 2 2
2 Rick Schofield Valeri Bure 40 1 2 2
4 vs 4 Defense
Defense Defense Time % Phy DF OF
1 Brendan Smith Jared Cowen 60 1 2 2
2 Derek Joslin Ilkka Heikkinen 40 1 2 2
Last Minutes Offensive
Center Left Wing Right Wing Defense Defense
Ryan O'Reilly Evander Kane Denis Shvidki Derek Joslin Brendan Smith
Last Minutes Defensive
Center Left Wing Right Wing Defense Defense
Rick Schofield Ben Eager Denis Shvidki Jared Cowen Brendan Smith
Goaltenders
Starting : Peter Mannino
Backup : Maxime Ouellet
Extra Forwards
Normal : Evander Kane, Reilly Smith, Eric Godard - PP : Evander Kane, Reilly Smith - PK : Eric Godard
Extra Defensemen
Normal : Eric Gryba, Jared Cowen, Ilkka Heikkinen - PP : Eric Gryba - PK : Jared Cowen, Ilkka Heikkinen
Penalty Shots
Denis Shvidki, Ryan O'Reilly, Evander Kane, Valeri Bure, Ben Eager
% Time on Ice - Harfangs
Lines # - Real PCT - Wanted PCT - Time Play
Normal Forward
1 - 35% - 40% - 17:01
2 - 26% - 30% - 12:22
3 - 20% - 20% - 9:42
4 - 19% - 10% - 9:01
Normal Defense
1 - 36% - 40% - 17:05
2 - 34% - 30% - 16:24
3 - 25% - 20% - 11:55
4 - 6% - 10% - 2:42
PP Forward
1 - 53% - 60% - 4:13
2 - 47% - 40% - 3:43
PP Defense
1 - 61% - 60% - 4:49
2 - 39% - 40% - 3:07
PK Forward
1 - 87% - 60% - 3:28
2 - 13% - 40% - 0:30
PK Defense
1 - 61% - 60% - 2:26
2 - 39% - 40% - 1:32
PK3 Forward
1 - 0% - 60%
2 - 0% - 40%
PK3 Defense
1 - 0% - 60%
2 - 0% - 40%
44 Forward
1 - 0% - 60%
2 - 0% - 40%
44 Defense
1 - 0% - 60%
2 - 0% - 40%
Last Minute Offensive - 0:00
Last Minute Defensive - 0:00
Total
Forward - 60:00
Defense - 60:00
|
% Time on Ice - Scraper
Lines # - Real PCT - Wanted PCT - Time Play
Normal Forward
1 - 37% - 40% - 17:42
2 - 32% - 30% - 15:24
3 - 21% - 25% - 9:56
4 - 11% - 5% - 5:04
Normal Defense
1 - 37% - 40% - 17:48
2 - 33% - 35% - 15:54
3 - 27% - 15% - 12:56
4 - 3% - 10% - 1:28
PP Forward
1 - 62% - 60% - 2:27
2 - 38% - 40% - 1:31
PP Defense
1 - 61% - 60% - 2:26
2 - 39% - 40% - 1:32
PK Forward
1 - 69% - 60% - 5:30
2 - 31% - 40% - 2:26
PK Defense
1 - 51% - 60% - 4:03
2 - 49% - 40% - 3:53
PK3 Forward
1 - 0% - 60%
2 - 0% - 40%
PK3 Defense
1 - 0% - 60%
2 - 0% - 40%
44 Forward
1 - 0% - 60%
2 - 0% - 40%
44 Defense
1 - 0% - 60%
2 - 0% - 40%
Last Minute Offensive - 0:00
Last Minute Defensive - 0:00
Total
Forward - 60:00
Defense - 60:00
|
Play by Play
1st period
0:01 of 1st period - Ryan O'Reilly wins face-off versus Alex Killorn in neutral zone.
0:04 of 1st period - Alexandre Picard is hit by Brendan Smith and loses puck.
0:32 of 1st period - Snap shot by Peter Olvecky.
0:32 of 1st period - Stopped by Peter Mannino without a rebound.
0:33 of 1st period - Rick Schofield wins face-off versus Petri Kontiola in Scraper zone.
0:44 of 1st period - Snap shot by Ben Eager.
0:44 of 1st period - Shot Blocked by Victor Bartley.
2:18 of 1st period - Snap shot by Evander Kane.
2:18 of 1st period - Stopped by Ray Emery with a rebound.
3:28 of 1st period - Snap shot by Alexandre Picard.
3:28 of 1st period - Stopped by Peter Mannino without a rebound.
3:29 of 1st period - Roman Horak wins face-off versus Drew Shore in Scraper zone.
3:34 of 1st period - Snap shot by Tomas Tatar.
3:34 of 1st period - Stopped by Peter Mannino with a rebound.
4:27 of 1st period - Joe Finley is hit by James Wisniewski and loses puck.
4:32 of 1st period - Slapshot by Alexandre Picard.
4:32 of 1st period - Deflect By Valeri Bure.
4:32 of 1st period - Stopped by Peter Mannino with a rebound.
4:34 of 1st period - Snap shot by Tomas Tatar.
4:34 of 1st period - Stopped by Peter Mannino without a rebound.
4:35 of 1st period - Ryan O'Reilly wins face-off versus Alex Killorn in Scraper zone.
4:42 of 1st period - Slapshot by Evander Kane.
4:42 of 1st period - Shot Blocked by Alex Killorn.
4:46 of 1st period - Wrist shot by Evander Kane.
4:46 of 1st period - Stopped by Ray Emery without a rebound.
4:47 of 1st period - Ryan O'Reilly wins face-off versus Alex Killorn in Harfangs zone.
5:12 of 1st period - Off-side.
5:13 of 1st period - Petri Kontiola wins face-off versus Roman Horak in neutral zone.
5:18 of 1st period - Slapshot by Chris Kreider.
5:18 of 1st period - Stopped by Peter Mannino with a rebound.
6:15 of 1st period - Snap shot by Denis Shvidki.
6:15 of 1st period - Shot Misses the Net.
6:17 of 1st period - Snap shot by Denis Shvidki.
6:17 of 1st period - Stopped by Ray Emery with a rebound.
6:19 of 1st period - Snap shot by Denis Shvidki.
6:19 of 1st period - Stopped by Ray Emery with a rebound.
6:53 of 1st period - Wrist shot by Ben Eager.
6:53 of 1st period - Shot Misses the Net.
6:55 of 1st period - Wrist shot by Rick Schofield.
6:55 of 1st period - Deflect By Denis Shvidki.
6:55 of 1st period - Shot Misses the Net.
6:55 of 1st period - Puck is out of play.
6:56 of 1st period - Alex Killorn wins face-off versus Ryan O'Reilly in Harfangs zone.
7:05 of 1st period - Slapshot by Alexandre Picard.
7:05 of 1st period - Shot Hit the Post.
9:37 of 1st period - Slapshot by Chris Kreider.
9:37 of 1st period - Shot Misses the Net.
10:07 of 1st period - Daniel Winnik is hit by Alex Killorn and loses puck.
11:27 of 1st period - Daniel Winnik is hit by Stefan Ruzicka and loses puck.
12:36 of 1st period - Snap shot by Peter Olvecky.
12:36 of 1st period - Goal by Peter Olvecky - Harfangs : 1 - Scraper : 0.
12:37 of 1st period - Alex Killorn wins face-off versus Ryan O'Reilly in neutral zone.
14:16 of 1st period - Snap shot by Eric Godard.
14:16 of 1st period - Stopped by Ray Emery without a rebound.
14:17 of 1st period - Petri Kontiola wins face-off versus Ryan O'Reilly in Harfangs zone.
14:24 of 1st period - Alexandre Picard is hit by Derek Joslin and loses puck.
14:43 of 1st period - Rick Schofield is hit by Stefan Ruzicka and loses puck.
15:01 of 1st period - Rick Schofield is hit by Stefan Ruzicka and loses puck.
15:10 of 1st period - Wrist shot by Denis Shvidki.
15:10 of 1st period - Stopped by Ray Emery with a rebound.
15:16 of 1st period - Rick Schofield is hit by Alexandre Picard and loses puck.
15:21 of 1st period - Snap shot by Stefan Ruzicka.
15:21 of 1st period - Shot Misses the Net.
15:31 of 1st period - Snap shot by Stefan Ruzicka.
15:31 of 1st period - Stopped by Peter Mannino with a rebound.
15:33 of 1st period - Slapshot by James Wisniewski.
15:33 of 1st period - Shot Blocked by Rick Schofield.
15:45 of 1st period - Snap shot by Denis Shvidki.
15:45 of 1st period - Shot Blocked by Stefan Ruzicka.
15:51 of 1st period - Slapshot by Rick Schofield.
15:51 of 1st period - Stopped by Ray Emery with a rebound.
15:57 of 1st period - Slapshot by Denis Shvidki.
15:57 of 1st period - Shot Blocked by Alex Killorn.
16:41 of 1st period - Wrist shot by Ben Eager.
16:41 of 1st period - Stopped by Ray Emery without a rebound.
16:42 of 1st period - Ryan O'Reilly wins face-off versus Petri Kontiola in Harfangs zone.
16:45 of 1st period - Wrist shot by Evander Kane.
16:45 of 1st period - Goal by Evander Kane - Harfangs : 1 - Scraper : 1.
16:46 of 1st period - Petri Kontiola wins face-off versus Ryan O'Reilly in neutral zone.
17:18 of 1st period - Slapshot by Andrew Orpik.
17:18 of 1st period - Deflect By Evander Kane.
17:18 of 1st period - Stopped by Peter Mannino without a rebound.
17:19 of 1st period - Roman Horak wins face-off versus Petri Kontiola in Scraper zone.
18:39 of 1st period - Derek Joslin is hit by Craig Smith and loses puck.
18:58 of 1st period - Minor Penalty to Roman Horak for Tripping.
18:59 of 1st period - Petri Kontiola wins face-off versus Rick Schofield in Scraper zone.
19:02 of 1st period - Snap shot by Peter Olvecky.
19:02 of 1st period - Stopped by Peter Mannino with a rebound.
19:04 of 1st period - Wrist shot by Peter Olvecky.
19:04 of 1st period - Stopped by Peter Mannino without a rebound.
19:05 of 1st period - Petri Kontiola wins face-off versus Rick Schofield in Scraper zone.
Goals for this period are 1 for Harfangs vs 1 for Scraper.
Shots for this period are 11 for Harfangs vs 9 for Scraper.
2nd period
0:01 of 2nd period - Petri Kontiola wins face-off versus Rick Schofield in neutral zone.
0:58 of 2nd period - Penalty to Roman Horak is over, Roman Horak is back on ice.
1:10 of 2nd period - Evander Kane is hit by Michal Repik and loses puck.
1:18 of 2nd period - Icing by Reilly Smith.
1:19 of 2nd period - Roman Horak wins face-off versus Drew Shore in Scraper zone.
1:19 of 2nd period - Roman Horak is hit by Brett Carson.
1:27 of 2nd period - Wrist shot by Drew Shore.
1:27 of 2nd period - Shot Misses the Net.
1:45 of 2nd period - Slapshot by Marcus Foligno.
1:45 of 2nd period - Shot Misses the Net.
1:47 of 2nd period - Snap shot by Evander Kane.
1:47 of 2nd period - Shot Misses the Net.
2:26 of 2nd period - Chris Kreider is hit by Daniel Winnik and loses puck.
4:36 of 2nd period - Slapshot by Brendan Smith.
4:36 of 2nd period - Shot Blocked by Chris Kreider.
4:42 of 2nd period - Brendan Smith is hit by Chris Kreider.
5:05 of 2nd period - Slapshot by Denis Shvidki.
5:05 of 2nd period - Shot Misses the Net.
5:13 of 2nd period - Wrist shot by Craig Smith.
5:13 of 2nd period - Stopped by Peter Mannino with a rebound.
5:15 of 2nd period - Snap shot by Brett Carson.
5:15 of 2nd period - Shot Misses the Net.
5:17 of 2nd period - Snap shot by Craig Smith.
5:17 of 2nd period - Shot Misses the Net.
5:19 of 2nd period - Slapshot by Craig Smith.
5:19 of 2nd period - Stopped by Peter Mannino with a rebound.
5:27 of 2nd period - Nick Holden is hit by Ben Eager and loses puck.
5:36 of 2nd period - Wrist shot by Craig Smith.
5:36 of 2nd period - Shot Misses the Net.
5:38 of 2nd period - Snap shot by Victor Bartley.
5:38 of 2nd period - Stopped by Peter Mannino with a rebound.
5:42 of 2nd period - Snap shot by Craig Smith.
5:42 of 2nd period - Shot Hit the Post.
6:14 of 2nd period - Denis Shvidki is hit by Alexandre Picard and loses puck.
6:29 of 2nd period - Slapshot by Denis Shvidki.
6:29 of 2nd period - Goal by Denis Shvidki - Harfangs : 1 - Scraper : 2.
6:30 of 2nd period - Ryan O'Reilly wins face-off versus Alex Killorn in neutral zone.
6:33 of 2nd period - Peter Olvecky is hit by Evander Kane.
6:37 of 2nd period - Slapshot by Peter Olvecky.
6:37 of 2nd period - Shot Misses the Net.
6:39 of 2nd period - Slapshot by Stefan Ruzicka.
6:39 of 2nd period - Shot Hit the Post.
6:41 of 2nd period - Slapshot by Andrew Orpik.
6:41 of 2nd period - Shot Blocked by Jared Cowen.
6:43 of 2nd period - Slapshot by Victor Bartley.
6:43 of 2nd period - Deflect By Stefan Ruzicka.
6:43 of 2nd period - Harfangs goal is going for a video replay.
6:43 of 2nd period - The goal is good.
6:43 of 2nd period - Goal by Stefan Ruzicka - Harfangs : 2 - Scraper : 2.
6:44 of 2nd period - Ryan O'Reilly wins face-off versus Alex Killorn in neutral zone.
6:57 of 2nd period - Snap shot by Evander Kane.
6:57 of 2nd period - Shot Misses the Net.
6:59 of 2nd period - Slapshot by Reilly Smith.
6:59 of 2nd period - Shot Blocked by James Wisniewski.
7:13 of 2nd period - Wrist shot by Valeri Bure.
7:13 of 2nd period - Stopped by Ray Emery without a rebound.
7:14 of 2nd period - Roman Horak wins face-off versus Petri Kontiola in Harfangs zone.
7:15 of 2nd period - Snap shot by Valeri Bure.
7:15 of 2nd period - Deflect By Marcus Foligno.
7:15 of 2nd period - Stopped by Ray Emery without a rebound.
7:16 of 2nd period - Petri Kontiola wins face-off versus Roman Horak in Harfangs zone.
7:29 of 2nd period - Wrist shot by Valeri Bure.
7:29 of 2nd period - Stopped by Ray Emery with a rebound.
7:33 of 2nd period - Snap shot by Valeri Bure.
7:33 of 2nd period - Stopped by Ray Emery with a rebound.
7:35 of 2nd period - Slapshot by Derek Joslin.
7:35 of 2nd period - Shot Misses the Net.
7:47 of 2nd period - Slapshot by Derek Joslin.
7:47 of 2nd period - Shot Hit the Post.
7:49 of 2nd period - Slapshot by Valeri Bure.
7:49 of 2nd period - Shot Blocked by Andrew Orpik.
7:51 of 2nd period - Slapshot by Eric Gryba.
7:51 of 2nd period - Shot Misses the Net.
7:53 of 2nd period - Slapshot by Derek Joslin.
7:53 of 2nd period - Shot Misses the Net.
7:55 of 2nd period - Snap shot by Roman Horak.
7:55 of 2nd period - Shot Blocked by Victor Bartley.
7:57 of 2nd period - Slapshot by Derek Joslin.
7:57 of 2nd period - Deflect By Andrew Orpik.
7:57 of 2nd period - Stopped by Ray Emery without a rebound.
7:58 of 2nd period - Alex Killorn wins face-off versus Ryan O'Reilly in Harfangs zone.
8:05 of 2nd period - Jared Cowen is hit by Stefan Ruzicka and loses puck.
8:32 of 2nd period - Snap shot by Stefan Ruzicka.
8:32 of 2nd period - Shot Blocked by Ilkka Heikkinen.
8:34 of 2nd period - Snap shot by Peter Olvecky.
8:34 of 2nd period - Deflect By Stefan Ruzicka.
8:34 of 2nd period - Goal by Stefan Ruzicka - Harfangs : 3 - Scraper : 2.
8:35 of 2nd period - Ryan O'Reilly wins face-off versus Petri Kontiola in neutral zone.
10:00 of 2nd period - Roman Horak is hit by Chris Kreider and loses puck.
11:02 of 2nd period - Slapshot by Andrew Orpik.
11:02 of 2nd period - Stopped by Peter Mannino without a rebound.
11:03 of 2nd period - Rick Schofield wins face-off versus Alex Killorn in Scraper zone.
11:30 of 2nd period - Brendan Smith is hit by Drew Shore and loses puck.
11:41 of 2nd period - Kyle Palmieri is hit by Rick Schofield and loses puck.
11:48 of 2nd period - Wrist shot by Ben Eager.
11:48 of 2nd period - Goal by Ben Eager - Harfangs : 3 - Scraper : 3.
11:49 of 2nd period - Alex Killorn wins face-off versus Ryan O'Reilly in neutral zone.
12:04 of 2nd period - Icing by Victor Bartley.
12:05 of 2nd period - Roman Horak wins face-off versus Alex Killorn in Harfangs zone.
12:06 of 2nd period - Wrist shot by Valeri Bure.
12:06 of 2nd period - Shot Misses the Net.
12:36 of 2nd period - Wrist shot by Evander Kane.
12:36 of 2nd period - Stopped by Ray Emery without a rebound.
12:37 of 2nd period - Ryan O'Reilly wins face-off versus Petri Kontiola in Harfangs zone.
12:38 of 2nd period - Snap shot by Evander Kane.
12:38 of 2nd period - Stopped by Ray Emery with a rebound.
13:04 of 2nd period - Michal Repik is hit by Evander Kane and loses puck.
13:13 of 2nd period - Wrist shot by Chris Kreider.
13:13 of 2nd period - Stopped by Peter Mannino with a rebound.
13:15 of 2nd period - Snap shot by Michal Repik.
13:15 of 2nd period - Stopped by Peter Mannino with a rebound.
13:17 of 2nd period - Snap shot by Petri Kontiola.
13:17 of 2nd period - Stopped by Peter Mannino with a rebound.
13:19 of 2nd period - Snap shot by Chris Kreider.
13:19 of 2nd period - Stopped by Peter Mannino without a rebound.
13:20 of 2nd period - Roman Horak wins face-off versus Alex Killorn in Scraper zone.
13:20 of 2nd period - Roman Horak is hit by Alex Killorn.
13:31 of 2nd period - Minor Penalty to Valeri Bure for Roughing.
13:32 of 2nd period - Rick Schofield wins face-off versus Petri Kontiola in Scraper zone.
13:46 of 2nd period - Slapshot by Derek Joslin.
13:46 of 2nd period - Stopped by Ray Emery with a rebound.
14:06 of 2nd period - Snap shot by Alex Killorn.
14:06 of 2nd period - Stopped by Peter Mannino with a rebound.
14:08 of 2nd period - Snap shot by Chris Kreider.
14:08 of 2nd period - Shot Blocked by Roman Horak.
14:36 of 2nd period - Alexandre Picard is hit by Eric Godard and loses puck.
15:31 of 2nd period - Penalty to Valeri Bure is over, Valeri Bure is back on ice.
15:35 of 2nd period - Snap shot by Valeri Bure.
15:35 of 2nd period - Shot Misses the Net.
15:45 of 2nd period - Slapshot by Evander Kane.
15:45 of 2nd period - Stopped by Ray Emery with a rebound.
15:47 of 2nd period - Wrist shot by Roman Horak.
15:47 of 2nd period - Shot Blocked by Victor Bartley.
15:49 of 2nd period - Slapshot by Ilkka Heikkinen.
15:49 of 2nd period - Stopped by Ray Emery without a rebound.
15:50 of 2nd period - Ryan O'Reilly wins face-off versus Drew Shore in Harfangs zone.
15:55 of 2nd period - Snap shot by Evander Kane.
15:55 of 2nd period - Shot Blocked by Brett Carson.
15:57 of 2nd period - Wrist shot by Ryan O'Reilly.
15:57 of 2nd period - Stopped by Ray Emery without a rebound.
15:58 of 2nd period - Ryan O'Reilly wins face-off versus Drew Shore in Harfangs zone.
16:05 of 2nd period - Snap shot by Ryan O'Reilly.
16:05 of 2nd period - Shot Blocked by Drew Shore.
16:07 of 2nd period - Snap shot by Evander Kane.
16:07 of 2nd period - Shot Blocked by Nick Holden.
16:09 of 2nd period - Wrist shot by Reilly Smith.
16:09 of 2nd period - Deflect By Ryan O'Reilly.
16:09 of 2nd period - Stopped by Ray Emery with a rebound.
16:13 of 2nd period - Wrist shot by Evander Kane.
16:13 of 2nd period - Shot Blocked by Brett Carson.
16:23 of 2nd period - Snap shot by Kyle Palmieri.
16:23 of 2nd period - Stopped by Peter Mannino with a rebound.
16:25 of 2nd period - Snap shot by Peter Olvecky.
16:25 of 2nd period - Stopped by Peter Mannino without a rebound.
16:26 of 2nd period - Rick Schofield wins face-off versus Alex Killorn in Scraper zone.
16:45 of 2nd period - Slapshot by Denis Shvidki.
16:45 of 2nd period - Stopped by Ray Emery without a rebound.
16:46 of 2nd period - Petri Kontiola wins face-off versus Ryan O'Reilly in Harfangs zone.
16:50 of 2nd period - Icing by Chris Kreider.
16:51 of 2nd period - Ryan O'Reilly wins face-off versus Petri Kontiola in Harfangs zone.
16:52 of 2nd period - Wrist shot by Evander Kane.
16:52 of 2nd period - Stopped by Ray Emery without a rebound.
16:53 of 2nd period - Petri Kontiola wins face-off versus Ryan O'Reilly in Harfangs zone.
17:16 of 2nd period - Wrist shot by Chris Kreider.
17:16 of 2nd period - Stopped by Peter Mannino with a rebound.
17:20 of 2nd period - Snap shot by Petri Kontiola.
17:20 of 2nd period - Deflect By Valeri Bure.
17:20 of 2nd period - Shot Blocked by Jared Cowen.
17:20 of 2nd period - Puck is out of play.
17:21 of 2nd period - Reilly Smith wins face-off versus Stefan Ruzicka in Scraper zone.
17:21 of 2nd period - Reilly Smith is hit by Peter Olvecky.
17:40 of 2nd period - Icing by Stefan Ruzicka.
17:41 of 2nd period - Stefan Ruzicka wins face-off versus Roman Horak in Harfangs zone.
17:58 of 2nd period - Snap shot by Stefan Ruzicka.
17:58 of 2nd period - Goal by Stefan Ruzicka - Harfangs : 4 - Scraper : 3.
17:59 of 2nd period - Alex Killorn wins face-off versus Ryan O'Reilly in neutral zone.
18:02 of 2nd period - Snap shot by Stefan Ruzicka.
18:02 of 2nd period - Stopped by Peter Mannino without a rebound.
18:03 of 2nd period - Alex Killorn wins face-off versus Ryan O'Reilly in Scraper zone.
18:12 of 2nd period - Slapshot by Peter Olvecky.
18:12 of 2nd period - Shot Misses the Net.
18:31 of 2nd period - Jared Cowen is hit by James Wisniewski and loses puck.
18:36 of 2nd period - Wrist shot by Valeri Bure.
18:36 of 2nd period - Shot Misses the Net.
18:55 of 2nd period - Wrist shot by James Wisniewski.
18:55 of 2nd period - Stopped by Peter Mannino with a rebound.
18:57 of 2nd period - Wrist shot by Alexandre Picard.
18:57 of 2nd period - Shot Misses the Net.
18:59 of 2nd period - Slapshot by James Wisniewski.
18:59 of 2nd period - Shot Blocked by Denis Shvidki.
19:14 of 2nd period - Off-side.
19:15 of 2nd period - Dustin Jeffrey wins face-off versus Ryan O'Reilly in neutral zone.
19:23 of 2nd period - Off-side.
19:24 of 2nd period - Ryan O'Reilly wins face-off versus Alex Killorn in neutral zone.
19:31 of 2nd period - Snap shot by Ryan O'Reilly.
19:31 of 2nd period - Shot Blocked by Andrew Orpik.
19:33 of 2nd period - Wrist shot by Reilly Smith.
19:33 of 2nd period - Stopped by Ray Emery with a rebound.
19:35 of 2nd period - Slapshot by Ilkka Heikkinen.
19:35 of 2nd period - Shot Misses the Net.
19:40 of 2nd period - Joe Finley and Peter Olvecky fight to a draw.
19:40 of 2nd period - Penalty to Joe Finley for Fighting.
19:40 of 2nd period - Penalty to Peter Olvecky for Fighting.
19:41 of 2nd period - Alex Killorn wins face-off versus Reilly Smith in Harfangs zone.
19:48 of 2nd period - Wrist shot by Craig Smith.
19:48 of 2nd period - Deflect By Alex Killorn.
19:48 of 2nd period - Goal by Alex Killorn - Harfangs : 5 - Scraper : 3.
19:49 of 2nd period - Ryan O'Reilly wins face-off versus Alex Killorn in neutral zone.
Goals for this period are 4 for Harfangs vs 2 for Scraper.
Shots for this period are 18 for Harfangs vs 17 for Scraper.
3rd period
0:01 of 3rd period - Alex Killorn wins face-off versus Ryan O'Reilly in neutral zone.
0:03 of 3rd period - James Wisniewski is hit by Ryan O'Reilly and loses puck.
0:10 of 3rd period - Slapshot by Alexandre Picard.
0:10 of 3rd period - Stopped by Peter Mannino with a rebound.
0:12 of 3rd period - Snap shot by Alex Killorn.
0:12 of 3rd period - Shot Blocked by Reilly Smith.
0:14 of 3rd period - Wrist shot by Craig Smith.
0:14 of 3rd period - Stopped by Peter Mannino without a rebound.
0:15 of 3rd period - Roman Horak wins face-off versus Petri Kontiola in Scraper zone.
0:15 of 3rd period - Roman Horak is hit by Chris Kreider.
0:18 of 3rd period - Minor Penalty to Marcus Foligno for High sticking.
0:19 of 3rd period - Petri Kontiola wins face-off versus Rick Schofield in Scraper zone.
2:18 of 3rd period - Penalty to Marcus Foligno is over, Marcus Foligno is back on ice.
2:27 of 3rd period - Snap shot by Ben Eager.
2:27 of 3rd period - Shot Blocked by Andrew Orpik.
3:13 of 3rd period - Snap shot by Eric Godard.
3:13 of 3rd period - Stopped by Ray Emery without a rebound.
3:14 of 3rd period - Ryan O'Reilly wins face-off versus Drew Shore in Harfangs zone.
3:17 of 3rd period - Slapshot by Evander Kane.
3:17 of 3rd period - Shot Misses the Net.
3:19 of 3rd period - Slapshot by Ryan O'Reilly.
3:19 of 3rd period - Shot Misses the Net.
3:21 of 3rd period - Snap shot by Ilkka Heikkinen.
3:21 of 3rd period - Shot Blocked by Nick Holden.
3:23 of 3rd period - Slapshot by Jared Cowen.
3:23 of 3rd period - Stopped by Ray Emery without a rebound.
3:24 of 3rd period - Ryan O'Reilly wins face-off versus Drew Shore in Harfangs zone.
3:30 of 3rd period - Minor Penalty to Drew Shore for Interference.
3:31 of 3rd period - Ryan O'Reilly wins face-off versus Petri Kontiola in Harfangs zone.
4:01 of 3rd period - Victor Bartley is hit by Eric Gryba and loses puck.
4:36 of 3rd period - Rick Schofield is hit by Alexandre Picard and loses puck.
4:40 of 3rd period - Penalty to Peter Olvecky is over, Peter Olvecky is back on ice.
4:55 of 3rd period - Eric Gryba is hit by Peter Olvecky and loses puck.
5:30 of 3rd period - Penalty to Drew Shore is over, Drew Shore is back on ice.
5:35 of 3rd period - Petri Kontiola is hit by Roman Horak and loses puck.
5:54 of 3rd period - Ben Eager is hit by Stefan Ruzicka.
6:11 of 3rd period - Wrist shot by Alex Killorn.
6:11 of 3rd period - Shot Misses the Net.
6:35 of 3rd period - Evander Kane is hit by Alex Killorn and loses puck.
7:13 of 3rd period - Minor Penalty to Roman Horak for Slashing.
7:14 of 3rd period - Rick Schofield wins face-off versus Alex Killorn in Scraper zone.
7:22 of 3rd period - Ilkka Heikkinen is hit by Alex Killorn and loses puck.
9:13 of 3rd period - Penalty to Roman Horak is over, Roman Horak is back on ice.
9:24 of 3rd period - Snap shot by Tomas Tatar.
9:24 of 3rd period - Shot Misses the Net.
9:26 of 3rd period - Slapshot by Tomas Tatar.
9:26 of 3rd period - Stopped by Peter Mannino with a rebound.
9:28 of 3rd period - Slapshot by Alexandre Picard.
9:28 of 3rd period - Stopped by Peter Mannino with a rebound.
9:30 of 3rd period - Wrist shot by Drew Shore.
9:30 of 3rd period - Shot Misses the Net.
9:32 of 3rd period - Wrist shot by Kyle Palmieri.
9:32 of 3rd period - Stopped by Peter Mannino with a rebound.
9:59 of 3rd period - Denis Shvidki is hit by Drew Shore and loses puck.
10:23 of 3rd period - Brendan Smith is hit by Stefan Ruzicka.
10:33 of 3rd period - Wrist shot by Denis Shvidki.
10:33 of 3rd period - Deflect By Stefan Ruzicka.
10:33 of 3rd period - Stopped by Ray Emery without a rebound.
10:34 of 3rd period - Rick Schofield wins face-off versus Drew Shore in Harfangs zone.
10:37 of 3rd period - Snap shot by Ben Eager.
10:37 of 3rd period - Stopped by Ray Emery with a rebound.
10:45 of 3rd period - Eric Gryba is hit by Drew Shore and loses puck.
11:19 of 3rd period - Valeri Bure is hit by Dustin Jeffrey and loses puck.
12:01 of 3rd period - James Wisniewski is hit by Evander Kane.
12:22 of 3rd period - Andrew Orpik is hit by Ben Eager and loses puck.
12:35 of 3rd period - Wrist shot by Eric Godard.
12:35 of 3rd period - Shot Blocked by Andrew Orpik.
14:16 of 3rd period - Slapshot by Ilkka Heikkinen.
14:16 of 3rd period - Stopped by Ray Emery with a rebound.
15:04 of 3rd period - Reilly Smith is hit by Kyle Palmieri.
15:20 of 3rd period - Wrist shot by Chris Kreider.
15:20 of 3rd period - Deflect By Michal Repik.
15:20 of 3rd period - Stopped by Peter Mannino with a rebound.
15:46 of 3rd period - Slapshot by Dustin Jeffrey.
15:46 of 3rd period - Shot Misses the Net.
15:56 of 3rd period - Minor Penalty to Craig Smith for Cross-checking.
15:57 of 3rd period - Ryan O'Reilly wins face-off versus Petri Kontiola in Harfangs zone.
16:04 of 3rd period - Slapshot by Evander Kane.
16:04 of 3rd period - Stopped by Ray Emery without a rebound.
16:05 of 3rd period - Ryan O'Reilly wins face-off versus Petri Kontiola in Harfangs zone.
16:06 of 3rd period - Snap shot by Denis Shvidki.
16:06 of 3rd period - Shot Misses the Net.
16:14 of 3rd period - Slapshot by Denis Shvidki.
16:14 of 3rd period - Stopped by Ray Emery with a rebound.
16:16 of 3rd period - Snap shot by Ryan O'Reilly.
16:16 of 3rd period - Deflect By Evander Kane.
16:16 of 3rd period - Stopped by Ray Emery without a rebound.
16:17 of 3rd period - Petri Kontiola wins face-off versus Ryan O'Reilly in Harfangs zone.
16:28 of 3rd period - Slapshot by Denis Shvidki.
16:28 of 3rd period - Shot Blocked by Alexandre Picard.
16:30 of 3rd period - Wrist shot by Derek Joslin.
16:30 of 3rd period - Shot Misses the Net.
16:32 of 3rd period - Slapshot by Brendan Smith.
16:32 of 3rd period - Stopped by Ray Emery without a rebound.
16:33 of 3rd period - Ryan O'Reilly wins face-off versus Petri Kontiola in Harfangs zone.
17:56 of 3rd period - Penalty to Craig Smith is over, Craig Smith is back on ice.
18:18 of 3rd period - Rick Schofield is hit by Michal Repik and loses puck.
18:47 of 3rd period - Stefan Ruzicka is hit by Evander Kane and loses puck.
Goals for this period are 0 for Harfangs vs 0 for Scraper.
Shots for this period are 6 for Harfangs vs 9 for Scraper.
Output by the SimonT Hockey Simulator (STHS) for François Prévost -- Original Page W3C XHTML 1.0 Valid